 Dungeon Crawl Stone Soup version 0.19.1 (webtiles) character file.

3437 greenice the Carver (level 9, -6/70 HPs)
             Began as a Minotaur Fighter on Dec 19, 2016.
             Was a Priest of Okawaru.
             Hit by a large rock thrown by a cyclops (18 damage)
             ... on level 8 of the Dungeon.
             The game lasted 00:17:19 (7368 turns).

greenice the Carver (Minotaur Fighter)              Turns: 7368, Time: 00:17:20

Health: -6/70      AC: 22    Str: 22    XL:     9   Next: 77%
Magic:  8/8        EV:  8    Int:  5    God:    Okawaru [***...]
Gold:   482        SH: 10    Dex: 18    Spells: 0 memorised, 8 levels left

rFire  . . .     SeeInvis +     h - +0 long sword
rCold  . . .     Gourm    .     B - +6 plate armour "Kumoxiwk" {-Cast Dex+6 SInv}
rNeg   . . .     Faith    .     c - +0 shield
rPois  .         Spirit   .     (helmet restricted)
rElec  .         Reflect  .     y - +0 cloak
rCorr  .         Harm     .     (no gloves)
MR     .....     NoCast   +     (no boots)
Stlth  ..........               (no amulet)
                                b - +3 ring of evasion
                                A - ring of wizardry

@: about to teleport
A: retaliatory headbutt, horns 2
a: Heroism, Renounce Religion


You were on level 8 of the Dungeon.
You worshipped Okawaru.
Okawaru was most pleased with you.
You were not hungry.

You visited 1 branch of the dungeon, and saw 8 of its levels.
You also visited: Ossuary.

You collected 482 gold pieces.

Inventory:

Hand Weapons
 h - a +0 long sword (weapon)
 H - a +1 war axe of flaming
Armour
 c - a +0 shield (worn)
 y - a +0 cloak (worn)
 B - the +6 plate armour "Kumoxiwk" (worn) {-Cast Dex+6 SInv}
   (You found it on level 4 of the Dungeon)

   It affects your dexterity (+6).
   It lets you see invisible.
   It prevents spellcasting.
Rods
 K - a +0 rod of clouds (13/13)
   (You found it on level 8 of the Dungeon)
Jewellery
 b - a +3 ring of evasion (right hand)
 A - a ring of wizardry (left hand)
 I - an uncursed ring of wizardry
Wands
 r - a wand of slowing (48/48)
 G - a wand of lightning (4/15)
Scrolls
 i - 6 scrolls of identify
 k - 6 scrolls of remove curse
 q - 3 scrolls of blinking
 u - 2 scrolls of fear
 C - a scroll of recharging
 D - a scroll of amnesia
 E - a scroll of teleportation
 J - a scroll of magic mapping {unknown}
Potions
 a - a potion of lignification
 d - a potion of invisibility {unknown}
 e - 2 potions of flight
 j - a potion of beneficial mutation {unknown}
 l - 3 potions of curing
 n - 4 potions of brilliance
 o - a potion of magic {unknown}
 s - 2 potions of cancellation
 t - a potion of ambrosia {unknown}
 v - a potion of mutation {unknown}
 w - a potion of berserk rage
 z - a potion of haste {unknown}
 F - a potion of cure mutation {unknown}
Books
 m - a book of Changes

   Spells                             Type                      Level
   a - Beastly Appendage              Transmutation                1
   b - Sticks to Snakes               Transmutation                2
   c - Spider Form                    Transmutation/Poison         3
   d - Ice Form                       Ice/Transmutation            4
   e - Blade Hands                    Transmutation                5
Comestibles
 f - 2 bread rations
 g - 4 meat rations
 p - a slice of pizza
 x - 5 fruits


   Skills:
 - Level 3.6 Fighting
 + Level 12.8 Long Blades
 - Level 11.0 Armour
 - Level 3.6 Shields


You had 8 spell levels left.
You didn't know any spells.

Dungeon Overview and Level Annotations

Branches:
Dungeon (8/15)             Temple (0/1) D:5
   Lair: D:8-11

Altars:
Ashenzari
Gozag
Okawaru
Qazlal
Trog
Zin

Shops:
D:4 *   D:5 :   D:6 }


Innate Abilities, Weirdness & Mutations

You reflexively headbutt those who attack you in melee.
You have a pair of horns on your head.


Message History

The crimson imp blinks!
You hear a distant blaring wail to the northwest.
You hit the orc.
The orc is almost dead.
The orc hits you but does no damage.
You hit the orc but do no damage.
The orc is almost dead.
You block the orc's attack.
You hit the orc.
You kill the orc!
Okawaru accepts your kill.
The cyclops throws a large rock.
The large rock hits you!!
Okay, then.
The cyclops throws a large rock.
The large rock hits you!!
* * * LOW HITPOINT WARNING * * *
Items here: ( )) [[ †
As you read the scroll of teleportation, it crumbles to dust.
You feel strangely unstable.
The cyclops throws a large rock.
The large rock hits you!!
You die...

.....##....####....##
###......_..........#
....####....##......#
##### ##...##......##
...# #.####.......#
#...# #.####.5...#.#
....### #.)...^#####.##
......#.#.#.########..##
..........#..†)(@).C...#
...####...###########..#
##.# ...... .........#
.#.##.##. .#######.# .
.. . ..# ..... ### ..
.##


You could see a cyclops.

Vanquished Creatures
  Pikel (D:6)
  A slime creature (D:6)
  A hippogriff (D:7)
  Sigmund (D:2)
  A hungry ghost (D:7)
  Edmund (D:6)
  A black bear (D:6)
  A phantom (D:6)
  2 orc warriors
  A sky beast (D:7)
  4 ogres
  A centaur (D:7)
  2 bullfrogs
  4 howler monkeys
  A crimson imp (D:6)
  A quasit (D:7)
  A centaur zombie (Ossuary)
  7 jellies (D:6)
  Crazy Yiuf (D:3)
  A human zombie (Ossuary)
  2 orc priests (D:6)
  Ijyb (D:2)
  Terence (D:3)
  An iguana (D:6)
  4 orc wizards
  A worker ant (D:4)
  Natasha (D:2)
  A big kobold zombie (Ossuary)
  2 hound skeletons
  4 mummies (Ossuary)
  The ghost of dscm the Charmwright, a weakling FeSk (D:3)
  9 adders
  13 oozes
  An adder skeleton (D:5)
  2 worms
  2 dart slugs
  2 leopard geckos
  38 orcs
  5 bats
  2 giant cockroaches
  2 gnoll zombies (Ossuary)
  6 hobgoblins
  10 jackals
  6 kobolds
  4 quokkas
  4 frilled lizards
  5 goblins
  A hobgoblin zombie (Ossuary)
  2 kobold zombies (Ossuary)
  2 leopard gecko skeletons
  8 rats
  3 fungi
180 creatures vanquished.

Vanquished Creatures (others)
  2 slaves (D:6)
  A centaur (D:6)
  A crimson imp (D:6)
  An orc wizard (D:6)
  A worker ant (D:6)
  An orc (D:6)
  3 fungi (D:6)
10 creatures vanquished.

Grand Total: 190 creatures vanquished

Notes
Turn   | Place    | Note
-------+----------+-------------------------------------------
     0 | D:1      | greenice the Minotaur Fighter began the quest for the Orb.
     0 | D:1      | Reached XP level 1. HP: 19/19 MP: 0/0
   132 | D:1      | Reached skill level 3 in Long Blades
   595 | D:1      | Reached XP level 2. HP: 26/26 MP: 1/1
  1056 | D:1      | Reached skill level 4 in Long Blades
  1103 | D:1      | Reached XP level 3. HP: 16/31 MP: 2/2
  1440 | D:2      | Reached skill level 5 in Long Blades
  1483 | D:2      | Reached XP level 4. HP: 37/39 MP: 3/3
  1529 | D:2      | Found a stormy altar of Qazlal.
  1628 | D:2      | Noticed Ijyb
  1634 | D:2      | Killed Ijyb
  1709 | D:2      | Noticed Sigmund
  1712 | D:2      | Noticed Natasha
  1715 | D:2      | Killed Sigmund
  1715 | D:2      | Reached skill level 7 in Long Blades
  1715 | D:2      | Reached XP level 5. HP: 41/45 MP: 4/4
  1720 | D:2      | Killed Natasha
  1720 | D:2      | Reached XP level 6. HP: 45/51 MP: 5/5
  1931 | D:3      | Found a stormy altar of Qazlal.
  2112 | D:3      | Reached skill level 8 in Long Blades
  2197 | D:3      | Found a shattered altar of Ashenzari.
  2297 | D:3      | Noticed Terence
  2303 | D:3      | Killed Terence
  2333 | D:3      | Noticed dscm's ghost (weakling FeSk)
  2347 | D:3      | Killed dscm's ghost
  2567 | D:3      | Found a runed door.
  2571 | D:3      | Noticed Crazy Yiuf
  2575 | D:3      | Killed Crazy Yiuf
  2973 | D:4      | Found a sand-covered staircase.
  2987 | Ossuary  | Entered an ossuary
  3027 | Ossuary  | Reached skill level 9 in Long Blades
  3143 | Ossuary  | Reached XP level 7. HP: 53/57 MP: 6/6
  3487 | D:4      | Got a polished plate armour
  3492 | D:4      | Identified the +6 plate armour "Kumoxiwk" {-Cast Dex+6 SInv} (You found it on level 4 of the Dungeon)
  3536 | D:4      | Found an iron altar of Okawaru.
  3541 | D:4      | Became a worshipper of Warmaster Okawaru
  3728 | D:4      | Found Gozag's Platinum Reserve.
  3729 | D:4      | Found an opulent altar of Gozag.
  3836 | D:5      | Entered Level 5 of the Dungeon
  4113 | D:5      | Noticed an angel
  4114 | D:5      | Found a glowing silver altar of Zin.
  4126 | D:5      | Found a staircase to the Ecumenical Temple.
  4270 | D:5      | Found Lixt's Book Shop.
  4523 | D:6      | Noticed Edmund
  4535 | D:6      | Killed Edmund
  4535 | D:6      | Reached skill level 5 in Armour
  4702 | D:6      | Reached XP level 8. HP: 48/64 MP: 7/7
  4710 | D:6      | Reached * piety under Okawaru
  4992 | D:6      | Noticed Pikel
  4995 | D:6      | Found Vicw's Gadget Emporium.
  5027 | D:6      | Killed Pikel
  5027 | D:6      | Reached ** piety under Okawaru
  5223 | D:6      | Reached skill level 10 in Armour
  5263 | D:6      | Noticed a slime creature
  5274 | D:6      | Killed a slime creature
  5285 | D:6      | Reached XP level 9. HP: 52/70 MP: 8/8
  5320 | D:6      | Reached skill level 10 in Long Blades
  5703 | D:6      | Reached *** piety under Okawaru
  6038 | D:6      | Reached skill level 11 in Long Blades
  6622 | D:7      | Reached skill level 12 in Long Blades
  7299 | D:8      | Found a bloodstained altar of Trog.
  7361 | D:8      | Noticed a cyclops
  7368 | D:8      | Hit by a large rock thrown by a cyclops

Skill      XL: |  1  2  3  4  5  6  7  8  9 |
---------------+----------------------------+-----
Long Blades    | 3 4 5 7 9 12 | 12.8
Armour         | 7 11 | 11.0
Fighting       | |  3.6
Shields        | |  3.6

Action                   |  1- 3 |  4- 6 |  7- 9 || total
-------------------------+-------+-------+-------++-------
Melee: Long sword        |    64 |   173 |   385 ||   622
       Headbutt          |     8 |    37 |    95 ||   140
Invok: Heroism           |       |       |     2 ||     2
  Use: Potion            |       |     1 |     8 ||     9
       Scroll            |       |    11 |     3 ||    14
  Eat: Chunk             |     2 |     5 |    14 ||    21
       Fruit             |       |       |     3 ||     3
       Pizza             |       |       |     1 ||     1
Armor: Scale mail        |    39 |    44 |    43 ||   126
       Plate armour      |       |       |   126 ||   126
Dodge: Dodged            |    22 |    32 |    91 ||   145
Block: Shield            |    40 |    66 |   154 ||   260
       Rpst.: Long sword |     5 |     9 |    18 ||    32
